 Dungeon Crawl Stone Soup version 0.27-a0-506-g2188dfaaa0 (webtiles) character file.

Game seed: 13580836510151678245

107624 Morbidden the Carver (level 16, -12/118 (122) HPs)
             Began as a Demonspawn Fighter on Mar 3, 2021.
             Was the Champion of Vehumet.
             Mangled by Donald
             ... wielding a +1 long sword of holy wrath
              (33 damage)
             ... on level 2 of the Orcish Mines.
             The game lasted 01:18:55 (32606 turns).

Morbidden the Carver (Demonspawn Fighter)          Turns: 32606, Time: 01:18:56

HP:   -12/118 (122) AC: 20    Str: 17    XL:     16   Next: 0%
MP:   16/29         EV: 18    Int: 17    God:    Vehumet [******]
Gold: 5277          SH: 17    Dex: 20    Spells: 21/33 levels left

rFire    + . .     SeeInvis .   b - +7 short sword of Gallantry {vorpal, +Blink rElec Int+3 Dex+3}
rCold    + . .     Faith    .   Z - +0 tower shield
rNeg     . . .     Spirit   .   y - +3 chain mail of Nellen {Dex+2}
rPois    .         Reflect  .   c - +2 helmet
rElec    +         Harm     .   f - scarf {rC+ rF+}
rCorr    .         Rampage  .   w - +2 pair of gloves
Will     +....                  (boots unavailable)
Stlth    +.........             B - amulet of regeneration
HPRegen  1.29/turn              t - +4 ring of evasion
MPRegen  0.21/turn              k - +4 ring of evasion

@: lightly drained
A: talons 3, sturdy frame 1, demonic magic 3
a: Renounce Religion, Evoke Blink


You were on level 2 of the Orcish Mines.
You worshipped Vehumet.
Vehumet was exalted by your worship.
You visited 3 branches of the dungeon, and saw 23 of its levels.
You also visited: Sewer, Ossuary, Bailey and Volcano.

You collected 5685 gold pieces.
You spent 408 gold pieces at shops.

Inventory:

Hand Weapons
 a - a +2 scimitar of flaming
 b - the +7 short sword of Gallantry (weapon) {vorpal, +Blink rElec Int+3 Dex+3}
   (You took it off a tengu conjurer on level 11 of the Dungeon)

   It inflicts extra damage upon your enemies.
   It affects your intelligence (+3).
   It affects your dexterity (+3).
   It insulates you from electricity.
   It lets you blink.
 V - a +1 long sword
Missiles
 g - 119 poisoned darts (quivered)
 i - 5 throwing nets
 p - 17 javelins
 q - 12 silver boomerangs
 U - 65 boomerangs
Armour
 c - a +2 helmet (worn)
 f - a scarf of resistance (worn)
 w - a +2 pair of gloves (worn)
 y - the +3 chain mail of Nellen (worn) {Dex+2}
   (You bought it in a shop on level 12 of the Dungeon)

   It affects your dexterity (+2).
 Z - a +0 tower shield (worn)
Magical Staves
 v - a staff of conjuration
Jewellery
 k - a +4 ring of evasion (right hand)
 o - a ring of ice
 t - a +4 ring of evasion (left hand)
 x - a ring of magical power
 B - an amulet of regeneration (around neck)
 J - a ring of poison resistance
 S - a ring of protection from fire
 X - a +6 ring of intelligence
Wands
 E - a wand of mindburst (11)
 H - a wand of paralysis (11)
 K - a wand of acid (9)
 O - a wand of flame (44)
 Q - a wand of digging (1)
 Y - a wand of iceblast (21)
Scrolls
 e - 5 scrolls of fear
 m - 5 scrolls of enchant weapon
 A - 4 scrolls of teleportation
 F - a scroll of blinking
 M - 3 scrolls of amnesia
 N - 4 scrolls of fog
 R - 3 scrolls of enchant armour
 W - 10 scrolls of identify
Potions
 d - 3 potions of might
 h - 10 potions of curing
 l - 4 potions of lignification
 n - 2 potions of invisibility
 r - 2 potions of resistance
 s - 11 potions of flight
 z - 2 potions of degeneration
 C - 6 potions of brilliance
 D - 4 potions of haste
 G - 4 potions of berserk rage
 I - 5 potions of cancellation
 P - 3 potions of ambrosia
 T - a potion of mutation
Miscellaneous
 u - a phantom mirror
 L - a box of beasts


   Skills:
 * Level 9.8 Fighting
 + Level 5.6(8.8) Short Blades
 * Level 10.3(10.9) Long Blades
 + Level 5.3 Throwing
 + Level 7.8 Armour
 * Level 7.5 Dodging
 + Level 4.5 Stealth
 + Level 9.5 Shields
 * Level 9.0 Spellcasting
 * Level 9.2 Conjurations
 * Level 8.8 Translocations
 * Level 8.3 Air Magic
 + Level 0.6 Evocations


You had 21 spell levels left.
You knew the following spells:

 Your Spells              Type           Power        Failure   Level
a - Shock                 Conj/Air       100%         3%          1
b - Iskenderun's Mystic   Conj/Tloc      38%          26%         4
c - Static Discharge      Conj/Air       37%          10%         3
d - Airstrike             Air            18%          32%         4

Your spell library contained the following spells:

 Spells                   Type           Power        Failure   Level
 Chain Lightning          Conj/Air       18%          100%        8
 Apportation              Tloc           74%          11%         1
 Swiftness                Air            36%          21%         2
 Lesser Beckoning         Tloc           18%          32%         3
 Lightning Bolt           Conj/Air       18%          58%         5
 Passage of Golubria      Tloc           N/A          73%         4
 Animate Skeleton         Necr           14%          99%         1
 Corona                   Hex            7%           99%         1
 Sting                    Tmut/Pois      28%          99%         1
 Summon Small Mammal      Summ           28%          99%         1
 Tukima's Dance           Hex            7%           100%        3
 Alistair's Intoxication  Tmut/Pois      4%           100%        5
 Summon Forest            Summ/Tloc      11%          100%        5
 Dispersal                Tloc           18%          100%        6
 Invisibility             Hex            7%           100%        6


Dungeon Overview and Level Annotations

Branches:
Dungeon (15/15)            Temple (0/1) D:5            Lair (6/6) D:8
  Swamp (0/4) Lair:3        Snake (0/4) Lair:3          Orc (2/2) D:12
    Elf (0/3) Orc:2        Vaults (0/5) D:13         Depths (0/5) D:15
  Sewer (visited)         Ossuary (visited)          Bailey (visited)
Volcano (visited)
  Slime: Lair:5-6

Altars:
Ashenzari
Cheibriados
Dithmenos
Elyvilon
Gozag
Sif Muna
Trog
Uskayaw
Vehumet
Wu Jian
The Shining One
Beogh

Shops:
D:6 !*   D:11 (   D:12 [

Portals:
Trove: D:12 (give horn of Geryon)

Annotations:
Lair:4 exclusion: 2 oklob plants
Lair:5 exclusion: oklob plant
Orc:2 Donald


Innate Abilities, Weirdness & Mutations

You have claws for feet.
Your movements are slightly less encumbered by armour. (ER -2)
Spells you cast and wands you use may paralyse nearby enemies.


Message History

Donald says, "I asked for directions to the rune, but they belched at me."
Donald hits you with a +1 long sword of holy wrath!
You convulse!
The orc priest looks braver for a moment.
You block the orc warrior's attack. The ogre misses you.
The chaos spawn gores you but does no damage.
Casting: Static Discharge (mildly dangerous; 10% risk of failure)
Confirm with . or Enter, or press ? or * to list all spells.
The ogre is struck by an arc of lightning!
The ogre is moderately wounded.
Something is struck by an arc of lightning!
The orc sorcerer is struck by an arc of lightning.
The orc sorcerer is moderately wounded.
The lightning grounds out.
The orc warrior is struck by an arc of lightning!
The orc warrior is heavily wounded.
You resist.
You are struck by an arc of lightning.
The orc warrior is struck by an arc of lightning!
The orc warrior is severely wounded.
The lightning grounds out.
The chaos spawn is struck by an arc of lightning!
The chaos spawn is heavily wounded.
The orc warrior is struck by an arc of lightning!
The orc warrior is almost dead.
The chaos spawn is struck by an arc of lightning.
The chaos spawn is heavily wounded.
The lightning grounds out.
Donald is struck by an arc of lightning!
Donald is lightly wounded.
You resist.
You are struck by an arc of lightning.
Malevolent energies surge around you.
The orc warrior suddenly stops moving!
The orc sorcerer suddenly stops moving!
Donald says, "What kind of god gives you spells but not spellbooks?"
Donald hits you with a +1 long sword of holy wrath!!
You convulse.
The orc priest looks encouraged for a moment.
Donald hits you with a +1 long sword of holy wrath!!
* * * LOW HITPOINT WARNING * * *
You convulse!!
You die...

.. .....#. ...##...#..##
......
............##..... .
..............#... #..
.................## ....
............#.....#.....
...........o###O...#....
.......#...o.#.o@@..#
.........o.ooo.4$.O#....
..........4.oo.##.#.....
...........o.4## ## .#..
......o.4##...# ..
.......###.#.## ..
......###....# .
.......#.....#
).....#......#


You could see Donald (fast, strong), an orange demon (summoned), an ice devil
(summoned), a chaos spawn (summoned), 2 orc sorcerers, 2 orc warriors, 2 ogres,
an orc priest and 3 orcs.

Vanquished Creatures
  Kirke (D:13)
  Nessos (Lair:4)
  2 fire dragons
  7 boulder beetles
  3 hydras
  6 centaur warriors
  2 ogre magi (D:15)
  2 death knights (D:13)
  4 tengu warriors
  12 two-headed ogres
  Urug (D:13)
  A hell knight (Volcano)
  Nergalle (Lair:1)
  2 skeletal warriors
  3 unseen horrors (D:12)
  A glowing orange brain (D:15)
  8 lindwurms
  Pikel (D:4)
  5 orc knights
  4 deep elf pyromancers
  2 manticores
  17 ugly things
  A faun (shapeshifter) (D:12)
  3 cyclopes
  3 centaur zombies
  4 elephants
  5 torpor snails (Lair:6)
  3 black mambas
  A smoke demon (Volcano)
  A centaur skeleton (D:8)
  10 cane toads
  3 rime drakes
  4 yaktaurs
  9 komodo dragons
  2 freezing wraiths
  2 tengu conjurers
  2 efreet (D:12)
  A troll (D:13)
  A red devil (Volcano)
  3 meliai (D:15)
  10 polar bears
  8 hornets
  17 blink frogs
  2 raiju (Lair:6)
  4 tyrant leeches
  A dream sheep (shapeshifter) (D:15)
  13 slime creatures
  4 dream sheep (Lair:5)
  A redback (D:12)
  A shadow (D:12)
  7 wyverns
  2 vampires
  25 yaks
  Grum (D:9)
  6 fire bats (Volcano)
  2 hogs (D:13)
  A steam dragon (D:9)
  4 vampire mosquitoes (D:15)
  3 swamp worms (Lair:3)
  3 acid dragons
  19 wargs
  35 water moccasins
  15 hell hounds
  A soldier ant (D:13)
  27 orc warriors
  7 sky beasts
  A floating eye (shapeshifter) (D:15)
  An ice beast (shapeshifter) (D:15)
  4 ice beasts
  An eye of draining (D:9)
  13 black bears
  19 ogres
  A boggart (D:13)
  31 wolves
  29 centaurs
  A lemure (D:3)
  A phantom (D:12)
  6 kobold brigands
  3 gnoll sergeants
  22 bullfrogs
  A water moccasin zombie (Ossuary)
  3 scorpions
  6 wights
  3 howler monkeys
  4 electric eels
  6 lava snakes
  5 gnoll shamans
  5 bullfrog zombies
  6 hounds
  3 jellies
  18 orc priests
  A bullfrog skeleton (D:5)
  4 iguanas
  13 worker ants
  25 orc wizards
  A hound zombie (D:7)
  2 mummies (Ossuary)
  A hound skeleton (D:5)
  A worker ant zombie (D:7)
  A howler monkey zombie (D:3)
  34 gnolls
  23 adders
  2 river rats (D:3)
  3 shadow imps
  2 ufetubi
  An ooze (D:1)
  5 adder zombies
  5 dart slugs
  5 worms
  5 leopard geckos
  86 orcs
  4 ball pythons (Sewer)
  18 bats
  4 giant cockroaches
  13 hobgoblins
  11 jackals
  31 kobolds
  4 quokkas
  6 frilled lizards
  3 gnoll zombies (Ossuary)
  12 goblins
  6 hobgoblin zombies (Ossuary)
  2 jackal skeletons
  4 kobold zombies (Ossuary)
  8 orc zombies (Ossuary)
  A quokka skeleton (D:7)
  11 rats
914 creatures vanquished.

Vanquished Creatures (collateral kills)
  A sky beast (D:12)
  A scorpion (D:9)
2 creatures vanquished.

Vanquished Creatures (others)
  An ogre mage (D:13)
  A cyclops (D:12)
  A human (D:13)
  An electric eel (Lair:3)
  A bullfrog skeleton (D:12)
  An orc wizard (Orc:2)
  16 fungi
  56 plants
  4 toadstools (D:5)
82 creatures vanquished.

Grand Total: 998 creatures vanquished

Notes
Turn   | Place    | Note
-------+----------+-------------------------------------------
     0 | D:1      | Morbidden the Demonspawn Fighter began the quest for the
                  | Orb.
     0 | D:1      | Reached XP level 1. HP: 18/18 MP: 1/1
   342 | D:1      | Gained mutation: Your movements are slightly less
                  | encumbered by armour. (ER -2) [demonic ancestry]
   342 | D:1      | Reached XP level 2. HP: 24/24 MP: 2/2
   499 | D:1      | Reached skill level 2 in Long Blades
   587 | D:1      | Gained mutation: You have sharp toenails. [demonic
                  | ancestry]
   587 | D:1      | Reached XP level 3. HP: 21/29 MP: 3/3
   735 | D:2      | Found a radiant altar of Vehumet.
   920 | D:2      | Became a worshipper of Vehumet
  1866 | D:2      | Reached XP level 4. HP: 35/35 MP: 4/4
  2412 | D:2      | Found a shimmering blue altar of Sif Muna.
  2725 | D:3      | Reached skill level 3 in Long Blades
  2889 | D:3      | Found a glowing drain.
  2893 | Sewer    | Entered a sewer
  2961 | Sewer    | Reached * piety under Vehumet
  2961 | Sewer    | Offered knowledge of Shock by Vehumet.
  2964 | Sewer    | Learned a level 1 spell: Shock
  3002 | Sewer    | Noticed a kobold brigand
  3013 | Sewer    | Killed a kobold brigand
  3014 | Sewer    | Reached skill level 1 in Spellcasting
  3014 | Sewer    | Gained mutation: You have razor-sharp toenails. [demonic
                  | ancestry]
  3014 | Sewer    | Reached XP level 5. HP: 24/41 MP: 6/6
  3190 | Sewer    | Reached skill level 1 in Throwing
  3190 | Sewer    | Reached XP level 6. HP: 44/48 MP: 6/8
  3281 | Sewer    | Reached skill level 1 in Conjurations
  3281 | Sewer    | Reached skill level 1 in Air Magic
  3431 | D:3      | Noticed a +0 hand axe
  3432 | D:3      | Noticed a +0 dagger
  3451 | D:3      | Found a hide-covered altar of Uskayaw.
  3551 | D:3      | Reached ** piety under Vehumet
  3551 | D:3      | Offered knowledge of Foxfire by Vehumet.
  3582 | D:3      | Found a bloodstained altar of Trog.
  4412 | D:4      | Reached XP level 7. HP: 54/54 MP: 10/10
  4569 | D:4      | Noticed Pikel
  5183 | D:4      | Killed Pikel
  5184 | D:4      | Reached skill level 4 in Long Blades
  5184 | D:4      | Reached skill level 1 in Dodging
  5184 | D:4      | Reached XP level 8. HP: 40/61 MP: 7/12
  5377 | D:4      | Found an opulent altar of Gozag.
  5455 | D:5      | Entered Level 5 of the Dungeon
  5655 | D:5      | Identified the Catalogue of Shape Shifting and Dislocation
  6064 | D:5      | Offered knowledge of Mephitic Cloud by Vehumet.
  6078 | D:5      | Learned a level 4 spell: Iskenderun's Mystic Blast
  6388 | D:5      | Found a staircase to the Ecumenical Temple.
  6637 | D:5      | Reached skill level 1 in Translocations
  6686 | D:5      | Reached *** piety under Vehumet
  6940 | D:6      | Found Wedaiwk's Assorted Antiques.
  6942 | D:6      | Identified the +2 robe of the Butterfly {*Contam rElec rC+
                  | Dex+5}
  6971 | D:6      | Found Cafoq's Distillery.
  6980 | D:6      | Bought a potion of curing for 39 gold pieces
  6980 | D:6      | Bought a potion of heal wounds for 65 gold pieces
  7106 | D:6      | Found a glowing golden altar of the Shining One.
  7569 | D:7      | Reached XP level 9. HP: 44/67 MP: 14/14
  7592 | D:7      | Offered knowledge of Static Discharge by Vehumet.
  7598 | D:7      | Learned a level 3 spell: Static Discharge
  7709 | D:7      | Reached skill level 5 in Fighting
  8133 | D:7      | Reached skill level 5 in Long Blades
  8597 | D:7      | Found a snail-covered altar of Cheibriados.
  8838 | D:7      | Found an ornate altar of the Wu Jian Council.
  9063 | D:8      | Found a sand-covered staircase.
  9076 | Ossuary  | Entered an ossuary
  9297 | Ossuary  | Reached **** piety under Vehumet
  9306 | Ossuary  | Offered knowledge of Airstrike by Vehumet.
  9312 | Ossuary  | Learned a level 4 spell: Airstrike
  9392 | Ossuary  | Reached skill level 5 in Shields
  9470 | D:8      | Found a broken altar of Ashenzari.
  9695 | D:8      | Reached skill level 5 in Armour
 11193 | D:7      | Found a snail-covered altar of Cheibriados.
 11355 | D:7      | Found an ornate altar of the Wu Jian Council.
 11485 | D:8      | Reached XP level 10. HP: 52/74 MP: 16/16
 11569 | D:8      | Found a staircase to the Lair.
 12114 | D:9      | Noticed Grum
 12162 | D:9      | Found a shadowy altar of Dithmenos.
 12173 | D:9      | Killed Grum
 12207 | D:9      | Reached ***** piety under Vehumet
 12330 | D:9      | Offered knowledge of Ozocubu's Refrigeration by Vehumet.
 12595 | D:9      | Noticed a two-headed ogre
 12645 | D:9      | Killed a two-headed ogre
 12646 | D:9      | Reached skill level 5 in Spellcasting
 12657 | D:9      | Reached skill level 6 in Long Blades
 12812 | D:9      | Identified the +2 quarterstaff of Poverty {flame, rF+ rC+++
                  | Will- Str+3}
 13224 | D:9      | Reached skill level 5 in Conjurations
 13435 | D:10     | Entered Level 10 of the Dungeon
 13475 | D:10     | Found a flagged portal.
 13482 | Bailey   | Entered a bailey
 14058 | D:10     | Reached XP level 11. HP: 76/81 MP: 18/18
 14128 | D:10     | Noticed a boulder beetle
 14147 | D:10     | Killed a boulder beetle
 14580 | D:10     | Identified the +4 hand crossbow of Sloth {elec, Str+4}
 14907 | D:11     | Found Qutruir's Antique Weapon Shop.
 14912 | D:11     | Identified the +4 whip "Omelette" {vorpal, rPois rF- rN+
                  | Int+4}
 15494 | D:12     | Found a staircase to the Orcish Mines.
 15617 | D:12     | Killed an unseen horror
 15974 | D:12     | Killed an unseen horror
 16066 | D:12     | Noticed a boulder beetle
 16081 | D:12     | Killed a boulder beetle
 16082 | D:12     | Reached skill level 7 in Long Blades
 16154 | D:12     | Noticed a deep elf pyromancer
 16182 | D:12     | Killed a deep elf pyromancer
 16198 | D:12     | Found Igea's Antique Armour Shop.
 16217 | D:12     | Bought a brightly glowing chain mail for 304 gold pieces
 16217 | D:12     | Identified the +3 chain mail of Nellen {Dex+2} (You bought
                  | it in a shop on level 12 of the Dungeon)
 16256 | D:12     | Noticed a centaur warrior
 16257 | D:12     | Noticed a two-headed ogre
 16267 | D:12     | Noticed a two-headed ogre
 16268 | D:12     | Noticed an orc knight
 16268 | D:12     | Noticed a boulder beetle
 16269 | D:12     | Noticed a centaur warrior
 16272 | D:12     | Identified the +7 short sword of Gallantry {vorpal, +Blink
                  | rElec Int+3 Dex+3}
 16291 | D:12     | Killed a centaur warrior
 16292 | D:12     | Reached skill level 5 in Translocations
 16292 | D:12     | Reached skill level 5 in Air Magic
 16516 | D:12     | Noticed a four-headed hydra
 16617 | Lair:1   | Entered Level 1 of the Lair of Beasts
 16627 | Lair:1   | Noticed Nergalle
 17029 | Lair:1   | Offered knowledge of Irradiate by Vehumet.
 17250 | Lair:1   | Killed Nergalle
 17312 | Lair:1   | Noticed a boulder beetle
 17324 | Lair:1   | Killed a boulder beetle
 17325 | Lair:1   | Reached skill level 1 in Short Blades
 17325 | Lair:1   | Gained mutation: You have claws for feet. [demonic
                  | ancestry]
 17325 | Lair:1   | Reached XP level 12. HP: 72/89 MP: 21/21
 18062 | Lair:2   | Found a white marble altar of Elyvilon.
 18146 | Lair:2   | Noticed a boulder beetle
 18162 | Lair:2   | Killed a boulder beetle
 18506 | Lair:2   | Reached skill level 5 in Throwing
 19385 | Lair:3   | Reached skill level 8 in Long Blades
 19402 | Lair:3   | Found a staircase to the Swamp.
 19880 | Lair:3   | Noticed a fire dragon
 20060 | Lair:3   | Reached skill level 5 in Dodging
 20074 | Lair:3   | Identified the +5 shortbow "Udiast" {speed, rPois rC+ Will+
                  | Stlth+}
 20382 | Lair:3   | Found a staircase to the Snake Pit.
 20562 | Lair:3   | Killed a fire dragon
 20745 | Lair:4   | Reached XP level 13. HP: 92/96 MP: 23/23
 20756 | Lair:4   | Noticed Nessos
 20759 | Lair:4   | Offered knowledge of Eringya's Noxious Bog by Vehumet.
 20786 | Lair:4   | Killed Nessos
 22338 | Lair:5   | Identified a scroll of acquirement
 22338 | Lair:5   | Acquired 640 gold pieces
 22802 | Lair:6   | Entered Level 6 of the Lair of Beasts
 23330 | Lair:6   | Found a shadowy altar of Dithmenos.
 23694 | Lair:6   | Reached skill level 9 in Long Blades
 24158 | Lair:6   | Gained mutation: Spells you cast may paralyse adjacent
                  | enemies. [demonic ancestry]
 24158 | Lair:6   | Reached XP level 14. HP: 105/105 MP: 25/25
 24406 | Lair:6   | Found a runed translucent door.
 24418 | Lair:6   | Reached skill level 1 in Stealth
 25292 | D:12     | Offered knowledge of Yara's Violent Unravelling by Vehumet.
 25357 | D:12     | Found a portal to a secret trove of treasure.
 25615 | D:12     | Identified the +2 chain mail "Suipinli" {MP+9 Str+3 Stlth-}
 25840 | D:12     | Identified the +7 trident of Distraction {venom, +Fly}
 27140 | D:13     | Noticed Kirke
 27160 | D:13     | Noticed a sphinx
 27224 | D:13     | Killed Kirke
 27425 | D:13     | Reached ****** piety under Vehumet
 27774 | D:13     | Paralysed by an ogre mage for 5 turns
 27823 | D:13     | Gained mutation: Spells you cast may paralyse nearby
                  | enemies. [demonic ancestry]
 27823 | D:13     | Reached XP level 15. HP: 50/113 MP: 27/27
 27922 | D:13     | Found a gate to the Vaults.
 28099 | D:13     | Noticed Urug
 28109 | D:13     | Killed Urug
 28299 | D:13     | Offered knowledge of Lightning Bolt by Vehumet.
 28472 | D:14     | Found a glowing golden altar of the Shining One.
 28588 | D:14     | Reached skill level 10 in Long Blades
 28975 | D:14     | Reached skill level 5 in Short Blades
 29312 | D:15     | Entered Level 15 of the Dungeon
 30295 | D:15     | Offered knowledge of Spellforged Servitor by Vehumet.
 30304 | D:15     | Found a staircase to the Depths.
 30313 | D:15     | Noticed a storm dragon
 30316 | D:15     | a storm dragon changed into a minotaur
 30319 | D:15     | Noticed a storm dragon
 30319 | D:15     | a dire elephant changed into a storm dragon
 30320 | D:15     | Noticed an azure jelly
 30320 | D:15     | a storm dragon changed into an azure jelly
 30331 | D:15     | an azure jelly changed into an alligator snapping turtle
 30337 | D:15     | Noticed a quicksilver dragon
 30337 | D:15     | an eleionoma changed into a quicksilver dragon
 30339 | D:15     | Noticed a fenstrider witch
 30339 | D:15     | a quicksilver dragon changed into a fenstrider witch
 30340 | D:15     | Noticed an azure jelly
 30340 | D:15     | a fenstrider witch changed into an azure jelly
 30967 | Orc:1    | Entered Level 1 of the Orcish Mines
 30987 | Orc:1    | Found a roughly hewn altar of Beogh.
 31054 | Orc:1    | Found a dark tunnel.
 31062 | Volcano  | Entered a volcano
 31272 | Volcano  | Found a bloodstained altar of Trog.
 31321 | Volcano  | Found a bloodstained altar of Trog.
 31447 | Orc:1    | Found a bloodstained altar of Trog.
 31815 | Orc:1    | Offered knowledge of Chain Lightning by Vehumet.
 32329 | Orc:2    | Entered Level 2 of the Orcish Mines
 32400 | Orc:2    | Found a staircase to the Elven Halls.
 32582 | Orc:2    | Gained mutation: Spells you cast and wands you use may
                  | paralyse nearby enemies. [demonic ancestry]
 32582 | Orc:2    | Reached XP level 16. HP: 97/117 MP: 15/29
 32600 | Orc:2    | Noticed Donald
 32606 | Orc:2    | Mangled by Donald

Illustrated notes

Levels and vault maps discovered:
D:1:      minmay_arrival_semitransparent, layout_rooms
D:2:      minmay_recursive_quarters, layout_loops_corners, vehumet_crystals,
          led_sif_pool, serial_park_tiny_pond
D:3:      layout_loops_ring, nicolae_overflow_crystal_walls,
          dancing_weapons_uskayaw, gup_sewer_entry_bowl, minmay_misc_feat_cross
D:4:      layout_cave_pods, lemuel_coloured_pillars_altar, uniq_pikel
D:5:      layout_gridville, minmay_temple_entry_poolview,
          minmay_gold_behind_fungi, minmay_quadrilaterals
D:6:      layout_rooms, lemuel_doored_altar, serial_shops, kennysheep_mini_moat,
          shop
D:7:      layout_basic, pdpol_wu_jian_five_deadly_venoms, kennysheep_mini,
          abandoned_shop, minmay_fractal_squares_diagonal_5
D:8:      layout_cave_pools, ashenzari_conservatory_becter, lair_entry_dummy,
          serial_gnoll_camp, gnoll_camp_huts_moat, gnoll_camp_mini_hut,
          gnoll_camp_mini_hut, gnoll_camp_mini_loothouse, gnoll_camp_mini_hut,
          enter_ossuary_2
D:9:      layout_gridville, nicolae_dithmenos_shadow_blocks,
          kennysheep_generic_room_4, uniq_grum
D:10:     layout_gridville, enter_bailey_3
D:11:     layout_irregular_city, serial_shops, shop, serial_glass,
          glass_columns_a, glass_columns_a, glass_columns_a, glass_columns_a,
          glass_columns_b, glass_columns_c, amcnicky_mini_pool_small
D:12:     minmay_the_grid_square_5x5_5x5_mashed [minmay_the_grid_square_5x5_six,
          minmay_the_grid_square_5x5_inner_i, minmay_the_grid_square_5x5_z,
          minmay_the_grid_square_5x5_tie,
          minmay_the_grid_square_5x5_checkered_sparse,
          minmay_the_grid_square_5x5_two,
          minmay_the_grid_square_5x5_prize_itemx,
          minmay_the_grid_square_5x5_three,
          minmay_the_grid_square_5x5_prize_gold,
          minmay_the_grid_square_5x5_inner_z, minmay_the_grid_square_5x5_empty,
          minmay_the_grid_square_5x5_meh,
          minmay_the_grid_square_5x5_prize_snowflake,
          minmay_the_grid_square_5x5_shuriken, minmay_the_grid_square_5x5_plus,
          minmay_the_grid_square_5x5_trominoes,
          minmay_the_grid_square_5x5_prize_waves,
          minmay_the_grid_square_5x5_moneybag,
          minmay_the_grid_square_5x5_prize_junk,
          minmay_the_grid_square_5x5_almost_minimal,
          minmay_the_grid_square_5x5_detours,
          minmay_the_grid_square_5x5_tri_point,
          minmay_the_grid_square_5x5_gyroscope,
          minmay_the_grid_square_5x5_one_wall,
          minmay_the_grid_square_5x5_spiral], layout_small_grid, serial_shops,
          shop, enter_trove_2, kennysheep_generic_room_12
D:13:     layout_stronghold, hangedman_vaults_entry_quadrant_bands, uniq_urug,
          uniq_kirke
D:14:     layout_roguey, hangedman_abyss_or_decor_stabs, tso_metal_star
D:15:     gammafunk_enter_depths_forms, layout_basic, hex_medium, minivault_4
Lair:1:   layout_long_grid, wad_woods_road_03, serial_bayou_shore_b,
          lemuel_fruit_fields, uniq_nergalle
Lair:2:   lemuel_reptile_caves, layout_gridlike, basic_altar,
          serial_bayou_lake_a
Lair:3:   dragon1_lemuel, layout_gridlike, minmay_swamp_entry_worms,
          dummy_snake_entry, nicolae_quartered_pool_super, minmay_hedge_maze,
          minmay_lindwurm_lava, lemuel_fruit_fields
Lair:4:   layout_regular_city, minmay_lair_oklob_chamber, grunt_megastairs_5,
          uniq_nessos
Lair:5:   layout_hall_layers, minmay_slime_entry_oklob_enclosed
Lair:6:   hangedman_lair_caniforms_friends, layout_small_grid, wormcave,
          basic_altar, lemuel_fruit_tree, grunt_megastairs_2
Orc:1:    layout_caves, basic_altar, nicolae_volcano_entry_s_turn,
          nicolae_orc_pool_cavern, mines1_david
Orc:2:    st_orc_town, layout_caves, portal_ice_cave_demonic_guard,
          bloody_makhleb, uniq_donald

Skill      XL: |  1  2  3  4  5  6  7  8  9 10 11 12 13 14 15 |
---------------+----------------------------------------------+-----
Armour         | 3 4 5 6 7 |  7.8
Long Blades    | 2 3 4 5 6 7 8 9 10 | 10.3
Shields        | 3 4 5 6 7 8 9 |  9.5
Spellcasting   | 1 2 3 4 5 6 7 8 9 |  9.0
Throwing       | 1 2 3 4 5 |  5.3
Conjurations   | 1 2 3 4 5 6 7 8 9 |  9.2
Air Magic      | 1 2 3 4 5 6 7 8 |  8.3
Fighting       | 4 5 6 7 8 9 |  9.8
Dodging        | 1 2 3 5 6 7 |  7.5
Translocations | 2 3 4 5 6 7 8 |  8.8
Short Blades   | 1 3 4 5 |  5.6
Stealth        | 2 4 |  4.5
Evocations     | |  0.6

Action                   |  1- 3 |  4- 6 |  7- 9 | 10-12 | 13-15 | 16-18 || total
-------------------------+-------+-------+-------+-------+-------+-------++-------
Melee: Long sword        |   101 |   201 |   709 |   659 |       |       ||  1670
       Kick              |    13 |    48 |    12 |   162 |   748 |       ||   983
       Short sword       |       |       |     8 |   483 |  1428 |     5 ||  1924
       Unarmed           |       |       |       |     5 |       |       ||     5
       Scimitar          |       |       |       |       |   202 |       ||   202
Throw: Dart              |    16 |    27 |   159 |   278 |    37 |       ||   517
       Boomerang         |       |       |       |    41 |       |       ||    41
 Cast: Shock             |       |       |       |       |   501 |       ||   501
       Static Discharge  |       |       |       |       |    42 |     3 ||    45
       Iskenderun's Myst |       |       |       |       |     4 |       ||     4
 Abil: Evoke Flight      |       |       |       |     1 |       |       ||     1
Evoke: Wand              |       |       |       |    19 |    19 |       ||    38
       Phantom mirror    |       |       |       |     2 |     1 |       ||     3
       Box of beasts     |       |       |       |     2 |     1 |       ||     3
  Use: Scroll            |       |       |    12 |    16 |     9 |       ||    37
       Potion            |       |       |       |    10 |    12 |       ||    22
 Stab: Distracted        |       |       |       |     2 |     1 |       ||     3
       Paralysed         |       |       |       |       |   160 |     4 ||   164
Armor: Scale mail        |    68 |    49 |       |       |       |       ||   117
       Chain mail        |       |    82 |   567 |  1124 |   775 |     5 ||  2553
Dodge: Dodged            |    37 |    56 |   291 |   383 |   803 |     7 ||  1577
Block: Kite shield       |    56 |   118 |   487 |   217 |       |       ||   878
       Tower shield      |       |       |       |  1076 |  2015 |     7 ||  3098
       Rpst.: Long sword |    14 |    20 |    77 |    50 |       |       ||   161
       Scimitar          |       |       |       |       |    30 |       ||    30

Table legend: (Time is in decaauts)
 A = Elapsed time spent in this place.
 B = Non-inter-level travel time spent in this place.
 C = Inter-level travel time spent in this place.
 D = Time resting spent in this place.
 E = Time spent auto-exploring this place.
 F = Levels seen in this place.
 G = Mean time per level.
                   A        B        C        D        E       F      G
               +--------+--------+--------+--------+--------+-----+--------+
         Total |  33821 |  32600 |   1221 |   3681 |  18281 |  27 | 1252.6 |
       Dungeon |  21907 |  21117 |    790 |   2265 |  12238 |  15 | 1460.5 |
          Lair |   8867 |   8442 |    425 |   1079 |   4806 |   6 | 1477.8 |
  Orcish Mines |   1301 |   1296 |      5 |      0 |    773 |   2 |  650.5 |
         Sewer |    498 |    498 |      0 |    100 |    225 |   1 |  498.0 |
       Ossuary |    428 |    428 |      0 |    171 |     73 |   1 |  428.0 |
        Bailey |    486 |    486 |      0 |     31 |     60 |   1 |  486.0 |
       Volcano |    331 |    331 |      0 |     35 |    105 |   1 |  331.0 |
               +--------+--------+--------+--------+--------+-----+--------+

Top non-repeatable levels by time:
     D:7: 3369 daAuts
    D:12: 2871 daAuts
  Lair:6: 2238 daAuts
    D:15: 1599 daAuts
     D:2: 1592 daAuts
  Lair:1: 1585 daAuts
     D:9: 1490 daAuts
    D:13: 1462 daAuts
  Lair:2: 1460 daAuts
     D:5: 1401 daAuts
  Lair:4: 1331 daAuts
  Lair:3: 1325 daAuts
     D:4: 1233 daAuts
     D:3: 1205 daAuts
     D:8: 1140 daAuts
